Map: Berlingrad LE

Players

A.I. 1 (Very Easy) - Winner!

  • Race: Zerg Zerg

TLHarstem (Harstem)

  • Race: Protoss Protoss
  • League: Master

VOD

Have the link to the VOD?

Description

Time

  • Played on: Dec. 4, 2021, 11:16 a.m.
  • Length: 3:41
Show
View Real Time Build Order
Export as new Build Order

A.I. 1 (Very Easy) Zerg - Winner!

Build Orders: Pool Only 

Get SALT Encoding   

  12  0:01  Drone  
  13  0:12  Overlord  
  13  0:16  Drone  
  14  0:35  Spawning Pool  
  13  0:37  Extractor  
  13  0:39  Drone  
  13  0:46  Drone  
  14  0:51  Overlord  
  14  1:22  Queen  
  14  1:23  Zergling x2  
  17  1:31  Roach Warren  
  16  1:34  Drone  
  16  1:38  Extractor  
  16  1:43  Drone, Zergling x2  
  18  1:55  Drone  
  19  2:04  Zergling x2  
  19  2:06  Drone  
  21  2:17  Drone  
  22  2:28  Drone  
  22  2:29  Overlord  
  23  2:35  Drone  
  24  2:42  Drone  
Show
View Real Time Build Order
Export as new Build Order

TLHarstem Protoss 

Build Orders: 1 Gate Expand 

Get SALT Encoding   

  12  0:00  Probe  
  13  0:12  Probe  
  14  0:24  Probe  
  14  0:26  Pylon  
  15  0:44  Probe (Chrono Boost)  
  15  0:45  Gateway  
  16  0:56  Probe (Chrono Boost)  
  17  1:01  Probe (Chrono Boost)  
  19  1:15  Nexus  
  18  1:23  Probe  
  19  1:25  Assimilator  
  19  1:30  Zealot (Chrono Boost)  
  21  1:36  Pylon  
  21  1:38  Probe  
  22  1:51  Probe  
  22  1:54  Zealot  
  25  1:58  Cybernetics Core  
  25  2:03  Probe  
  26  2:15  Probe  
  27  2:24  Pylon  
  27  2:27  Probe x2  
  29  2:32  Stalker (Chrono Boost)  
  31  2:39  Probe x2  
  31  2:43  Shield Battery  
  33  2:49  Shield Battery  
  33  2:51  Probe  
  33  2:53  Probe  
  33  2:54  Stalker (Chrono Boost)  
  37  3:04  Shield Battery  
  37  3:05  Probe  
  38  3:07  Probe  
  39  3:17  Probe  
  39  3:19  Probe  
  41  3:25  Gateway  
  41  3:27  Robotics Facility  
  41  3:29  Probe  
Tags
 
Add a new tag
Caveats
  • Supply blocks, unpowered buildings, or Contaminate may cause inaccurate times.
  • Supply counts are checked every 10 seconds.